Map: Oxide LE

Players

Seither - Winner!

  • Race: Terran Terran
  • League: Grandmaster
  • Spawn Location: 7:00

RazerBlader

  • Race: Terran Terran
  • League: Master
  • Spawn Location: 1:00

Event: DreamHack SC2 Masters 2020 Winter

VOD

Have the link to the VOD?

Description

Time

  • Played on: Oct. 25, 2020, 5:46 a.m.
  • Length: 13:21

All games in this series

Show
View Real Time Build Order
Export as new Build Order

Seither Terran - Winner!

Build Orders:  

Get SALT Encoding   

  12  0:00  SCV  
  13  0:12  SCV  
  14  0:17  Supply Depot  
  14  0:24  SCV  
  15  0:39  SCV  
  15  0:40  Barracks  
  16  0:46  Refinery  
  16  0:51  SCV  
  16  0:54  Refinery  
  17  1:03  SCV  
  18  1:15  SCV  
  19  1:28  Reaper, Orbital Command  
  19  1:29  Supply Depot  
  20  1:45  Factory  
  20  1:53  SCV  
  21  2:01  Reaper  
  21  2:06  SCV  
  22  2:19  SCV  
  23  2:29  Command Center  
  23  2:32  SCV  
  24  2:40  Hellion  
  24  2:42  Barracks Reactor  
  24  2:44  Starport  
  26  2:45  SCV  
  27  2:52  Supply Depot  
  27  2:57  SCV  
  28  3:02  Widow Mine  
  30  3:09  SCV  
  31  3:18  Marine x2  
  33  3:21  SCV, Medivac  
  33  3:24  Factory Tech Lab  
  36  3:33  SCV  
  37  3:35  Refinery  
  37  3:36  Marine x2  
  39  3:44  Orbital Command  
  39  3:46  SCV  
  40  3:48  Cyclone  
  43  4:03  Starport Tech Lab, Marine  
  43  4:04  SCV, Marine  
  46  4:11  SCV, Supply Depot  
  46  4:16  SCV  
  48  4:20  Siege Tank  
  48  4:23  SCV  
  52  4:25  Marine x2  
  54  4:32  SCV, Raven  
  54  4:35  SCV  
  49  4:48  Marine x2  
  49  4:50  SCV x2  
  52  4:58  Command Center, Siege Tank  
  53  5:02  SCV x2  
  53  5:06  Marine x2  
  57  5:08  Refinery  
  57  5:14  SCV x2  
  57  5:15  Raven  
  57  5:16  Supply Depot  
  61  5:25  Supply Depot  
  61  5:26  SCV  
  62  5:37  Marine x2  
  62  5:38  SCV x2, Supply Depot, Siege Tank  
  69  5:48  Barracks  
  69  5:50  SCV, Barracks  
  69  5:51  SCV  
  71  6:00  Engineering Bay  
  71  6:01  Engineering Bay  
  71  6:02  SCV  
  71  6:03  SCV  
  72  6:10  Supply Depot  
  72  6:12  Orbital Command, Siege Tank  
  72  6:14  SCV  
  72  6:15  SCV, Stimpack  
  77  6:20  Viking  
  77  6:22  Viking  
  81  6:27  SCV x2  
  81  6:30  Terran Infantry Weapons Level 1  
  81  6:31  Terran Infantry Armor Level 1  
  83  6:36  Barracks Reactor  
  83  6:37  Barracks Reactor, Marine  
  84  6:40  SCV x2  
  86  6:48  Siege Tank  
  89  6:54  Viking  
  89  6:55  Viking, SCV, Orbital Command  
  89  7:00  SCV  
  93  7:13  Marine x3, Sensor Tower  
  96  7:16  Marine x2  
  96  7:17  Barracks  
  96  7:18  SCV x2  
  96  7:19  Supply Depot  
  96  7:20  Barracks  
  99  7:28  SCV  
  100  7:30  SCV x2, Viking x2  
  106  7:40  SCV  
  106  7:42  SCV x2  
  109  7:45  Marine x3, Siege Tank  
  109  7:46  Supply Depot x2  
  115  7:53  SCV  
  115  7:54  SCV  
  115  7:56  Combat Shield  
  117  7:59  Refinery  
  117  8:00  Refinery  
  117  8:02  Supply Depot  
  117  8:07  SCV x2, Marine x3  
  117  8:10  Viking x2  
  117  8:12  Barracks Reactor, Marine x2  
  128  8:13  Barracks Reactor  
  128  8:15  SCV  
  128  8:19  SCV  
  130  8:30  Marine, Siege Tank  
  130  8:31  Marine  
  135  8:37  SCV x2  
  135  8:40  Viking x2  
  123  8:53  Marine x2  
  123  8:54  Marine x4  
  129  9:00  SCV x2  
  129  9:04  Marine x3  
  129  9:07  Siege Tank  
  129  9:09  Armory, Viking  
  135  9:10  Viking  
  135  9:11  Marine  
  135  9:12  Marine  
  141  9:17  Command Center  
  141  9:20  Marine x2  
  138  9:26  Marine x3  
  138  9:28  SCV x2  
  138  9:30  SCV, Marine  
  138  9:31  Supply Depot  
  141  9:33  Supply Depot  
  133  9:39  Marine x3  
  133  9:40  Marine  
  133  9:42  Siege Tank  
  83  9:45  Medivac x2  
  144  9:56  Factory  
  144  9:57  Supply Depot  
  144  10:01  Supply Depot  
  144  10:03  Terran Infantry Weapons Level 2  
  144  10:04  Terran Vehicle Weapons Level 1, Terran Infantry Armor Level 2  
  144  10:05  Marine x2  
  144  10:06  Barracks Reactor, Marine  
  147  10:14  Siege Tank  
  147  10:15  Medivac x2  
  147  10:16  Marine x3  
  157  10:24  Marine x3  
  157  10:25  Supply Depot, Marine  
  160  10:40  SCV x3  
  163  10:43  Marine x3  
  163  10:44  Siege Tank  
  163  10:45  Sensor Tower  
  163  10:46  Siege Tank  
  163  10:47  Marine  
  163  10:48  Marine x3  
  176  10:52  Viking x2  
  179  11:04  Refinery  
  179  11:07  Refinery  
  179  11:10  Marine  
  179  11:11  Marine x6  
  182  11:12  Planetary Fortress  
  182  11:17  Barracks  
  183  11:18  Barracks  
  183  11:20  Barracks  
  183  11:24  Marine x2  
  183  11:25  Marine  
  186  11:26  Siege Tank x2  
  186  11:28  Medivac x2  
  196  11:38  Marine x5  
  200  11:44  Command Center  
  193  12:05  Marine x6  
  193  12:06  Marine x2  
  161  12:19  Marine x3  
  161  12:20  Marine  
  161  12:21  Marine  
  151  12:23  Marine  
  151  12:24  Medivac x2  
  151  12:25  Marine x2  
  151  12:26  Marine x5  
  157  12:37  Marine x3  
  150  12:53  Marine x9  
  150  12:54  Marine x3  
Show
View Real Time Build Order
Export as new Build Order

RazerBlader Terran 

Build Orders:  

Get SALT Encoding   

  12  0:00  SCV  
  13  0:12  SCV  
  14  0:17  Supply Depot  
  14  0:24  SCV  
  15  0:28  Refinery  
  15  0:38  SCV  
  16  0:44  Barracks  
  16  0:50  SCV  
  16  0:56  Refinery  
  17  1:03  SCV  
  18  1:15  SCV  
  19  1:31  Orbital Command  
  19  1:32  Reaper  
  20  1:35  Factory  
  20  1:43  Supply Depot  
  20  1:58  SCV  
  21  2:04  Reaper  
  22  2:10  SCV  
  23  2:19  Hellion  
  26  2:22  SCV  
  26  2:33  Command Center  
  26  2:34  SCV  
  27  2:38  Reaper  
  27  2:42  Hellion  
  30  2:47  SCV  
  30  2:48  Supply Depot  
  31  2:59  Starport  
  31  3:04  Factory Tech Lab  
  31  3:09  SCV  
  31  3:10  Barracks Reactor  
  32  3:17  Refinery  
  32  3:22  Cyclone  
  35  3:27  SCV  
  36  3:36  Starport Tech Lab  
  36  3:39  SCV  
  37  3:47  Marine x2  
  36  3:59  Cyclone  
  36  4:00  Orbital Command  
  39  4:04  SCV  
  39  4:05  Marine x2  
  39  4:08  Raven  
  44  4:16  SCV  
  45  4:24  Supply Depot  
  45  4:25  Marine x2  
  45  4:27  SCV  
  45  4:28  SCV  
  47  4:39  SCV  
  47  4:40  SCV  
  47  4:43  Marine x2, Siege Tank  
  49  4:51  SCV  
  49  4:52  SCV  
  51  4:55  Raven  
  52  5:03  SCV  
  52  5:06  SCV, Marine x2  
  56  5:11  Supply Depot  
  56  5:15  SCV  
  56  5:16  Siege Tank  
  56  5:17  Supply Depot  
  56  5:18  SCV  
  61  5:24  Marine  
  62  5:33  SCV x2  
  65  5:37  Supply Depot  
  65  5:45  SCV x2  
  65  5:48  Supply Depot  
  65  5:49  Siege Tank  
  69  5:53  Viking x2  
  73  5:57  SCV x2  
  73  6:02  Supply Depot  
  73  6:03  Marine  
  76  6:05  Stimpack  
  76  6:09  SCV x2  
  78  6:16  Supply Depot  
  78  6:21  SCV  
  78  6:22  SCV  
  78  6:23  Viking x2  
  78  6:24  Siege Tank  
  87  6:32  Marine  
  88  6:33  SCV  
  88  6:34  SCV  
  90  6:45  SCV  
  90  6:46  SCV  
  92  6:50  Command Center, Marine  
  93  6:54  Viking  
  93  6:57  Liberator  
  98  7:03  SCV x2  
  98  7:05  Siege Tank  
  98  7:08  Supply Depot, Marine  
  97  7:24  Viking  
  97  7:25  Marine  
  99  7:31  SCV x2  
  99  7:37  Barracks  
  101  7:38  Barracks  
  101  7:42  Siege Tank  
  101  7:43  Marine  
  103  7:50  Viking  
  105  7:54  Viking  
  107  7:59  SCV x2  
  107  8:01  Supply Depot, Marine  
  107  8:03  Orbital Command  
  110  8:16  Siege Tank  
  110  8:19  Marine  
  114  8:37  Marine  
  108  8:46  Viking x2  
  105  8:54  Siege Tank  
  105  8:55  Barracks Reactor, Marine  
  105  8:58  SCV, Barracks x2  
  105  9:00  Engineering Bay  
  102  9:06  Combat Shield  
  102  9:08  SCV  
  102  9:09  Orbital Command  
  103  9:12  Marine  
  103  9:16  Viking  
  99  9:30  Marine  
  96  9:33  Marine x2  
  93  9:41  Siege Tank  
  93  9:44  SCV x2  
  100  9:47  Terran Infantry Weapons Level 1, Engineering Bay  
  100  9:48  Marine  
  99  9:53  Refinery, Marine x2  
  99  9:55  SCV  
  99  9:56  SCV x2  
  104  10:02  Barracks Reactor  
  104  10:03  Barracks Reactor x2  
  104  10:06  Marine  
  102  10:07  Refinery  
  102  10:08  SCV x2, Refinery  
  102  10:10  Marine  
  102  10:11  Marine  
  102  10:12  Medivac  
  102  10:13  SCV  
  109  10:20  SCV x2  
  111  10:22  Terran Infantry Armor Level 1  
  111  10:23  Command Center  
  111  10:24  Marine  
  111  10:25  SCV  
  113  10:28  Marine  
  113  10:32  SCV x2  
  116  10:36  Marine  
  116  10:37  SCV  
  116  10:39  Armory  
  116  10:41  Marine  
  119  10:43  Sensor Tower  
  119  10:44  SCV x2, Marine x2  
  119  10:45  Marine x4  
  119  10:46  Marine  
  119  10:49  SCV  
  129  10:50  Siege Tank  
  129  10:54  Marine  
  129  10:55  Medivac  
  129  10:56  SCV x2  
  136  10:59  Marine  
  136  11:00  Medivac  
  136  11:02  Marine x2  
  136  11:03  Marine  
  141  11:05  Marine  
  141  11:07  Supply Depot  
  141  11:09  Marine  
  141  11:10  Supply Depot  
  141  11:11  Marine x2  
  142  11:12  Marine  
  143  11:22  Siege Tank  
  143  11:23  Marine x3  
  149  11:28  Supply Depot, Marine x2  
  150  11:39  Marine x3  
  152  11:47  Supply Depot  
  142  11:56  Marine  
  142  11:59  Marine x2  
  131  12:03  Siege Tank  
  131  12:04  Marine  
  122  12:10  Marine  
  122  12:11  Marine x2  
  122  12:12  Marine x2  
  122  12:14  Marine  
  107  12:17  Marine x2  
  107  12:21  Marine  
  102  12:28  Marine  
  102  12:29  Marine x2  
  105  12:30  Marine x2  
  105  12:32  Marine  
  105  12:35  Marine x2  
  110  12:39  Marine  
  111  12:46  Marine  
  111  12:47  Marine x3  
  111  12:48  Marine  
  111  12:49  Marine  
  108  12:53  Marine x2  
  108  12:57  Marine  
Tags
 
Add a new tag
Caveats
  • Supply blocks, unpowered buildings, or Contaminate may cause inaccurate times.
  • Supply counts are checked every 10 seconds.